 Dungeon Crawl Stone Soup version 0.29-a0-553-g81b289dbe5 (webtiles) character file.

Game seed: 12474783848023047889

800 LabCoat the Cleaver (level 7, -4/60 HPs)
             Began as a Hill Orc Fighter on June 7, 2022.
             Killed from afar by an orc wizard (12 damage)
             ... with a puff of flame
             ... on level 6 of the Dungeon.
             The game lasted 00:11:16 (3700 turns).

LabCoat the Cleaver (Hill Orc Fighter)              Turns: 3700, Time: 00:11:16

Health: -4/60      AC: 10    Str: 21    XL:     7   Next: 90%
Magic:  7/7        EV:  7    Int:  8    God:
Gold:   98         SH:  4    Dex: 10    Spells: 6/6 levels left

rFire   . . .      SeeInvis .   k - +2 war axe (flame)
rCold   . . .      Faith    .   c - +0 buckler
rNeg    . . .      Spirit   .   f - +0 chain mail
rPois   .          Reflect  .   (no helmet)
rElec   .          Harm     .   g - +0 cloak
rCorr   .          Rampage  .   (no gloves)
Will    .....                   (no boots)
Stlth   ..........              (no amulet)
HPRegen 0.20/turn               (no ring)
MPRegen 0.10/turn               (no ring)

@: no status effects
A: no striking features
a: no special abilities


You were on level 6 of the Dungeon.
You visited 1 branch of the dungeon, and saw 6 of its levels.

You collected 98 gold pieces.

Inventory:

Hand Weapons
 k - a +2 war axe of flaming (weapon)
 v - the +4 mace of Orerioso {speed, rElec rC- Str+7}
   (You found it on level 3 of the Dungeon)

   Attacks with this weapon are significantly faster.
   Str:       It affects your strength (+7).
   rC:        It makes you vulnerable to cold.
   rElec:     It insulates you from electricity.
Missiles
 s - a boomerang (quivered)
 u - 4 poisoned darts
Armour
 c - a +0 buckler (worn)
 f - a +0 chain mail (worn)
 g - a +0 cloak (worn)
Jewellery
 l - a ring of magical power
Wands
 o - a wand of flame (11)
 w - a wand of iceblast (13)
Scrolls
 a - a scroll of amnesia
 j - a scroll of magic mapping
 n - 2 scrolls of noise {unknown}
 r - 2 scrolls of teleportation
 t - a scroll of vulnerability {unknown}
 x - a scroll of enchant weapon {unknown}
Potions
 b - a potion of haste
 d - a potion of might
 e - a potion of magic
 h - 4 potions of curing
 i - a potion of cancellation
 m - a potion of degeneration
 p - a potion of berserk rage
 q - a potion of flight {unknown}


   Skills:
 + Level 4.7 Fighting
 * Level 9.6 Axes
 + Level 1.0 Throwing
 + Level 4.6 Armour
 + Level 0.2 Dodging
 + Level 3.9 Shields
 + Level 0.5 Evocations


You had 6 spell levels left.
You didn't know any spells.
Your spell library contained the following spells:

 Spells                   Type           Power      Damage    Failure   Level
 Apportation              Tloc           0%         N/A       99%         1
 Alistair's Intoxication  Tmut/Pois      0%         N/A       100%        5


Dungeon Overview and Level Annotations

Branches:
Dungeon (7/15)
 Temple: D:4-7

Altars:
Trog


Message History

The orc wizard casts a spell at you. You resist with some effort.
The orc wizard casts a spell at you. You resist with some effort.
You barely miss the orc wizard.
The orc wizard hits you with a +0 dagger.
You are too confused!
You closely miss the orc wizard.
A gnoll comes into view. It is wielding a +0 spear.
The gnoll sergeant barely misses you.
The orc wizard casts a spell.
The orc wizard flickers and vanishes!
Deactivating autopickup; reactivate with Ctrl-A.
You nearly stumble into some deep water!
The gnoll shouts!
The orc wizard casts a spell.
The orc wizard flickers and vanishes!
Something hits you but does no damage.
A gnoll comes into view. It is wielding a +0 flail.
The gnoll sergeant closely misses you.
You're too confused to move!
The gnoll shouts!
You hear some strange, mumbled words.
A magic dart appears from out of thin air!
The magic dart hits you.
The gnoll sergeant hits you from afar with a +0 trident of flaming!
The gnoll sergeant burns you.
You miss something.
You hear some strange, mumbled words.
Something tries to affect you, but you resist.
The gnoll sergeant hits you from afar with a +0 trident of flaming.
The gnoll sergeant burns you.
You nearly stumble into some deep water!
You feel less confused.
The gnoll sergeant hits you from afar with a +0 trident of flaming!
* * * LOW HITPOINT WARNING * * *
The gnoll sergeant burns you.
* * * LOW HITPOINT WARNING * * *
You hear some strange, mumbled words.
A puff of flame appears from out of thin air!
The puff of flame hits you!
You die...

#. .. .#########..
#..≈≈≈≈≈g.#
###.≈....g≈.#
#.#.≈.≈≈≈.≈.# #.#
#.#.≈≈...≈≈.# #.#
#.#.≈≈.go≈≈.# #.#
#.#.≈≈{g.≈≈.# #.#
###.#.≈@≈≈≈.≈{# #.#
##...#.≈.....≈.#
#.###.####..≈≈≈≈≈..#
#####.....#
#.#########.#
>..>......###.# .
.......###...##
.........#####
.#####.#.# # #.#.#


You could see a gnoll sergeant, an orc wizard and 3 gnolls.

Vanquished Creatures
  An ice beast (D:7)
  An ogre (D:3)
  A bullfrog (D:7)
  A scorpion (D:2)
  A necrophage (D:3)
  4 wights (D:7)
  Crazy Yiuf (D:3)
  3 orc wizards
  5 adders
  A worm (D:3)
  7 orcs
  5 bats
  5 endoplasms
  2 giant cockroaches
  15 goblins
  11 hobgoblins
  2 jackals (D:2)
  5 ball pythons
  2 frilled lizards
  11 kobolds
  5 rats
89 creatures vanquished.

Notes
Turn   | Place    | Note
-------+----------+-------------------------------------------
     0 | D:1      | LabCoat the Hill Orc Fighter began the quest for the Orb.
     0 | D:1      | Reached XP level 1. HP: 19/19 MP: 1/1
   457 | D:1      | Reached XP level 2. HP: 27/27 MP: 2/2
   512 | D:1      | Reached skill level 3 in Axes
   658 | D:1      | Reached XP level 3. HP: 31/33 MP: 3/3
   998 | D:1      | Found a faded altar of an unknown god.
  1196 | D:2      | Noticed a scorpion
  1200 | D:2      | Reached skill level 4 in Axes
  1203 | D:2      | Killed a scorpion
  1204 | D:2      | Reached skill level 5 in Axes
  1204 | D:2      | Reached XP level 4. HP: 32/40 MP: 4/4
  1410 | D:2      | Reached XP level 5. HP: 34/46 MP: 5/5
  2642 | D:3      | Identified the +4 mace of Orerioso {speed, rElec rC- Str+7}
  2645 | D:3      | Found a runed translucent door.
  2646 | D:3      | Noticed Crazy Yiuf
  2651 | D:3      | Killed Crazy Yiuf
  2652 | D:3      | Reached skill level 6 in Axes
  2902 | D:3      | Reached XP level 6. HP: 46/52 MP: 6/6
  2906 | D:3      | Reached skill level 7 in Axes
  3448 | D:4      | You fall into a shaft and drop 3 floors!
  3470 | D:7      | Reached skill level 8 in Axes
  3470 | D:7      | Reached XP level 7. HP: 57/60 MP: 7/7
  3509 | D:7      | Reached skill level 1 in Throwing
  3510 | D:7      | Reached skill level 9 in Axes
  3674 | D:6      | Found a bloodstained altar of Trog.
  3700 | D:6      | Killed from afar by an orc wizard

Illustrated notes

Levels and vault maps discovered:
D:1:      dpeg_arrival_orchard, layout_basic, dilly_ecumenical_altar_fadedgnrine
D:2:      layout_loops_corners, wad_orctagon
D:3:      layout_basic, minmay_ogre_servants, uniq_crazy_yiuf_cottage
D:4:      layout_basic, mainiacjoe_overflow_24_doors, serial_shops,
          nicolae_shop_bloodbath_and_beyond, uniq_duvessa, uniq_menkaure,
          uniq_grinder
D:6:      layout_loops_ring, mainiacjoe_overflow_paths, gup_sewer_entry_glass,
          kennysheep_cluttered_room, kennysheep_crisscross,
          kennysheep_generic_room_10
D:7:      layout_basic

Skill      XL: |  1  2  3  4  5  6  7 |
---------------+----------------------+-----
Fighting       | 4 |  4.7
Axes           | 3 5 6 8 9 |  9.6
Armour         | 4 |  4.6
Throwing       | 1 |  1.0
Dodging        | |  0.2
Shields        | |  3.9
Evocations     | |  0.5

Action                   |  1- 3 |  4- 6 |  7- 9 || total
-------------------------+-------+-------+-------++-------
Melee: War axe           |    90 |   118 |    20 ||   228
Throw: Boomerang         |       |    11 |     7 ||    18
Evoke: Wand              |     7 |     5 |     2 ||    14
  Use: Scroll            |     2 |     8 |     1 ||    11
       Potion            |     1 |     1 |       ||     2
Armor: Chain mail        |    53 |    55 |     3 ||   111
       Scale mail        |     3 |       |       ||     3
Dodge: Dodged            |    36 |    25 |     6 ||    67
Block: Buckler           |    23 |    18 |       ||    41

Table legend: (Time is in decaauts)
 A = Elapsed time spent in this place.
 B = Non-inter-level travel time spent in this place.
 C = Inter-level travel time spent in this place.
 D = Time resting spent in this place.
 E = Time spent auto-exploring this place.
 F = Levels seen in this place.
 G = Mean time per level.
                   A        B        C        D        E       F      G
               +--------+--------+--------+--------+--------+-----+--------+
         Total |   3767 |   3625 |    142 |    735 |   2214 |   6 |  627.8 |
       Dungeon |   3767 |   3625 |    142 |    735 |   2214 |   6 |  627.8 |
               +--------+--------+--------+--------+--------+-----+--------+

Top non-repeatable levels by time:
     D:3: 1228 daAuts
     D:2: 1201 daAuts
     D:1: 1074 daAuts
     D:7: 210 daAuts
     D:6: 45 daAuts
     D:4: 6 daAuts
